 Dungeon Crawl Stone Soup version 0.25-a0-942-g87a53962fc (webtiles) character file.

Game seed: 12352645673668963765, levelgen mode: deterministic

75 kae the Chiller (level 4, -3/30 HPs)
             Began as a Merfolk Ice Elementalist on May 6, 2020.
             Slain by Grinder (7 damage)
             ... on level 3 of the Dungeon.
             The game lasted 00:02:15 (2157 turns).

kae the Chiller (Merfolk Ice Elementalist)          Turns: 2157, Time: 00:02:16

Health: -3/30      AC:  5    Str:  9    XL:     4   Next: 31%
Magic:  13/17      EV: 13    Int: 14    God:
Gold:   152        SH:  0    Dex: 14    Spells: 1/8 levels left

rFire    . . .     SeeInvis .   e - +0 club
rCold    . . .     Gourm    .   (no shield)
rNeg     . . .     Faith    .   a - +0 robe
rPois    .         Spirit   .   (no helmet)
rElec    .         Reflect  .   d - +0 cloak
rCorr    .         Harm     .   (no gloves)
MR       .....                  l - +1 pair of boots (curse)
Stlth    ++........             (no amulet)
HPRegen  0.10/turn              h - ring of magical power
MPRegen  0.15/turn              (no ring)

@: mighty
A: change form in water, swift swim, stealthy swim
a: no special abilities


You were on level 3 of the Dungeon.
You were not hungry.

You visited 1 branch of the dungeon, and saw 3 of its levels.

You collected 152 gold pieces.

Inventory:

Hand Weapons
 e - a +0 club (weapon)
Armour
 a - a +0 robe (worn)
 d - a +0 cloak (worn)
 l - a cursed +1 pair of boots (worn)
Jewellery
 h - a ring of magical power (left hand)
Scrolls
 f - 2 scrolls of remove curse
 j - a scroll of identify
Potions
 i - a potion of stabbing
Comestibles
 b - 2 chunks of flesh
 c - 2 rations


   Skills:
 - Level 2.6 Dodging
 - Level 2.1 Stealth
 + Level 2.8 Spellcasting
 * Level 5.7 Ice Magic


You had one spell level left.
You knew the following spells:

 Your Spells              Type           Power        Failure   Level  Hunger
a - Freeze                Ice            ###.         1%          1    #......
b - Frozen Ramparts       Ice            ###...       6%          3    ###....
c - Ozocubu's Armour      Chrm/Ice       ##......     21%         3    ###....

Your spell library contained the following spells:

 Spells                   Type           Power        Failure   Level  Hunger
 Hailstorm                Conj/Ice       ##......     56%         4    #####..
 Summon Ice Beast         Ice/Summ       ##......     56%         4    #####..


Dungeon Overview and Level Annotations

Branches:
Dungeon (3/15)

Altars:

Annotations:
D:3 Grinder


Message History

You closely miss Grinder.
Grinder is moderately wounded.
Grinder hits you.
* * * LOW HITPOINT WARNING * * *
You writhe in agony.
* * * LOW HITPOINT WARNING * * *
Grinder closely misses you.
You completely miss Grinder.
Grinder is moderately wounded.
Grinder blinks!
Grinder gestures at you. You resist with significant effort.
Grinder barely misses you.
You closely miss Grinder.
Grinder is moderately wounded.
Grinder closely misses you.
You thump Grinder!
Grinder is heavily wounded.
Grinder hits you!
You die...

.....% ..... #..#.#
##... # ÷..#?# #...
.# .....#### ..♣♣..#
##.#..... #. ###....#
.....## #. #.#
#......#
##.#.#####.##.#
#.######
.#.........##.####.#
.###o####..<...5@..#
(###.# #..##.####.#
÷....# #..##......#
.###### #..##..#####
)# #.# #......#####
.# #.# #..##........
.####.###.<###.##.##.
....................
..##..............#
.#


You could see Grinder.

Vanquished Creatures
  2 adders (D:3)
  A worm (D:2)
  2 leopard geckos
  2 orcs (D:3)
  2 ball pythons
  5 giant cockroaches
  2 goblins (D:1)
  8 hobgoblins
  6 jackals (D:1)
  A quokka (D:3)
  5 bats
  3 frilled lizards (D:2)
  A kobold (D:3)
  6 rats
46 creatures vanquished.

Notes
Turn   | Place    | Note
-------+----------+-------------------------------------------
     0 | D:1      | kae the Merfolk Ice Elementalist began the quest for the
                  | Orb.
     0 | D:1      | Reached XP level 1. HP: 13/13 MP: 3/3
   301 | D:1      | Reached XP level 2. HP: 19/19 MP: 1/5
   493 | D:1      | Reached skill level 5 in Ice Magic
   673 | D:1      | Reached XP level 3. HP: 23/24 MP: 4/6
  1715 | D:3      | Reached XP level 4. HP: 23/30 MP: 3/8
  1807 | D:2      | Learned a level 3 spell: Frozen Ramparts
  1811 | D:2      | Learned a level 3 spell: Ozocubu's Armour
  1917 | D:3      | Noticed Grinder
  1935 | D:3      | Paralysed by Grinder for 2 turns
  2157 | D:3      | Slain by Grinder

Levels and vault maps discovered:
D:1:      saegor_arrival_simple_a, layout_basic, st_stairs_7,
          minmay_misc_feat_tiny
D:2:      layout_basic
D:3:      layout_basic, old_standard_altar, first_ration, serial_park_tiny_1,
          uniq_grinder

Skill      XL: |  1  2 |
---------------+-------+-----
Ice Magic      | 5 |  5.7
Dodging        | |  2.6
Stealth        | |  2.1
Spellcasting   | |  2.8

Action                   |  1- 3 |  4- 6 || total
-------------------------+-------+-------++-------
Melee: Club              |    23 |     9 ||    32
 Cast: Freeze            |    58 |    11 ||    69
       Frozen Ramparts   |       |     1 ||     1
  Use: Scroll            |     3 |     1 ||     4
       Potion            |       |     1 ||     1
  Eat: Chunk             |     3 |       ||     3
       Ration            |       |     1 ||     1
Armor: Robe              |    11 |       ||    11
Dodge: Dodged            |    55 |    11 ||    66

Table legend:
 A = Non-vault XP
 B = Vault XP
 C = Vault XP percentage of total XP
 D = Non-vault monster count
 E = Vault monster count
 F = Vault count percentage of total count
                 A         B        C        D         E       F
            +---------+---------+-------+---------+---------+-------
      Total |     105 |       3 |   2.8 |      44 |       2 |   4.3
            +---------+---------+-------+---------+---------+-------
        D:1 |      37 |       3 |   7.5 |      20 |       2 |   9.1
        D:2 |      25 |       0 |   0.0 |      13 |       0 |   0.0
        D:3 |      43 |       0 |   0.0 |      11 |       0 |   0.0
            +---------+---------+-------+---------+---------+-------
